 Dungeon Crawl Stone Soup version bcrawl-1.40.2 (webtiles) character file.

Game seed: 6511649045932372329

340456 Mehrunes the Warrior (level 16, -3/205 HPs)
             Began as a Barachi Fighter on Nov 16, 2023.
             Was a Priest of Uskayaw.
             Slain by a sea snake (6 damage)
             ... on level 2 of the Shoals.
             The game lasted 01:44:13 (34561 turns).

Mehrunes the Warrior (Barachi Fighter)             Turns: 34561, Time: 01:44:14

Health: -3/205     AC: 21    Str: 38    XL:     16   Next: 2%
Magic:  23/23      EV:  8    Int: 14    God:    Uskayaw [***...]
Gold:   114        SH:  6    Dex: 11    Spells: 15/15 levels left

rFire    . . .     GDR:     32% a - +7 broad axe (chop)
rCold    . . .     SeeInvis .   u - +0 buckler
rNeg     . . .     Gourm    .   z - +0 plate armour
rPois    .         Faith    +   t - +2 helmet
rElec    +         Spirit   .   w - +0 cloak
rCorr    .         Reflect  .   D - +0 pair of gloves
MR       ++...                  (no boots)
Stlth    ..........             y - amulet of Kindness {Faith *Drain rElec Str+3 Int+4}
HPRegen  0.44/turn              Q - +6 ring of strength
MPRegen  0.18/turn              I - ring of protection from magic

@: berserking (expiring), lethally poisoned (-3 -> -49), barbed spikes, can't
hop, very slightly contaminated, studying Slings, very quick
A: +LOS, swims, slowness 1, strong legs 2
a: Hop, Stomp, Line Pass, Renounce Religion


You were on level 2 of the Shoals.
You worshipped Uskayaw.
Uskayaw was aware of your devotion.
You were not hungry.

You visited 4 branches of the dungeon, and saw 22 of its levels.
You also visited: Ossuary.

You collected 2649 gold pieces.
You spent 2535 gold pieces at shops.

Inventory:

Hand Weapons
 a - a +7 broad axe of chopping (weapon)
 b - a +0 hunting sling
 n - a +0 blowgun
Missiles
 f - 383 sling bullets
 k - 483 poisoned tomahawks (quivered)
 s - 2581 stones
 E - 64 curare-tipped needles
Armour
 c - a +0 medium shield of protection
 t - a +2 helmet (worn)
 u - a +0 buckler (worn)
 w - a +0 cloak (worn)
 z - a +0 plate armour (worn)
 D - a +0 pair of gloves (worn)
Jewellery
 p - an uncursed amulet of the gourmand
 x - an uncursed ring of flight
 y - the amulet of Kindness (around neck) {Faith *Drain rElec Str+3 Int+4}
   (You bought it in a shop in the Orcish Mines)

   [amulet of faith]

   It allows you to gain divine favour quickly.
   It affects your strength (+3).
   It affects your intelligence (+4).
   It insulates you from electricity.
   It causes draining when unequipped.
 A - a +3 ring of protection
 H - an uncursed ring of resist corrosion
 I - a ring of protection from magic (right hand)
 Q - a +6 ring of strength (left hand)
Wands
 q - a wand of paralysis (14)
 r - a wand of charming (7)
 F - a wand of flame (24)
 N - a wand of acid (6)
 Y - a wand of clouds (10)
 Z - a wand of iceblast (9)
Scrolls
 d - 6 scrolls of teleportation
 g - 3 scrolls of fog
 h - 6 scrolls of remove curse
 i - 6 scrolls of identify
 j - a scroll of blinking
 o - 5 scrolls of fear
 v - a scroll of silence
 C - 4 scrolls of revelation
 G - a scroll of brand weapon
 O - 2 scrolls of enchant armour
 T - 4 scrolls of amnesia
Potions
 m - a potion of resistance
 B - 5 potions of flight
 J - 3 potions of mutation
 L - 8 potions of brilliance
 M - a potion of curing
 S - a potion of magic
 U - 2 potions of might
Miscellaneous
 l - a phial of floods
 W - a lightning rod (4/4)
 X - a lamp of fire
Comestibles
 e - 15 rations {!d}


   Skills:
 + Level 15.7 Fighting
 + Level 15.1 Axes
 + Level 14.3 Slings
 + Level 10.4 Armour
 - Level 1.0 Dodging
 + Level 5.8 Shields
 - Level 10.1 Invocations
 + Level 8.0 Evocations


You had 15 spell levels left.
You didn't know any spells.
Your spell library contained the following spells:

 Spells                   Type           Power        Failure   Level  Hunger
 Throw Frost              Conj/Ice       #.....       80%         2    ####...
 Freeze                   Ice            #.....       94%         1    None
 Poisonous Vapours        Pois/Air       #.....       98%         2    ####...
 Conjure Flame            Conj/Fire      #.......     100%        3    #####..
 Mephitic Cloud           Conj/Pois/Air  #.......     100%        3    #####..
 Ozocubu's Armour         Chrm/Ice       #.......     100%        3    #####..
 Ice Form                 Ice/Tmut       #.......     100%        4    ######.
 Summon Ice Beast         Ice/Summ       #.......     100%        4    ######.
 Throw Icicle             Conj/Ice       #.......     100%        4    ######.
 Bolt of Magma            Conj/Fire/Erth #.........   100%        5    #######
 Fireball                 Conj/Fire      #.........   100%        5    #######
 Freezing Cloud           Ice/Air        #.......     100%        5    #######
 Metabolic Englaciation   Hex/Ice        #.........   100%        5    #######
 Steam Barrier            Chrm/Fire      #.........   100%        5    #######
 Bolt of Cold             Conj/Ice       #.........   100%        6    #######
 Bolt of Fire             Conj/Fire      #.........   100%        6    #######
 Ozocubu's Refrigeration  Ice            #.........   100%        6    #######
 Simulacrum               Ice/Necr       #.......     100%        6    #######
 Ignition                 Hex/Fire       #.........   100%        8    #######


Dungeon Overview and Level Annotations

Branches:
Dungeon (12/12)            Temple (0/1) D:6            Lair (6/6) D:9
  Swamp (0/3) Lair:3       Shoals (3/3) Lair:3        Slime (0/5) Orc
    Orc (1/1) D:11         Vaults (0/3) D:11         Forest (0/3) Lair:5
 Depths (0/5) D:12

Altars:
Elyvilon
Fedhas
Hepliaklqana
Kikubaaqudgha
Lugonu
Makhleb
Uskayaw
Zin
Jiyva

Shops:
D:4 [   D:6 }(!!   Orc (*=[?

Annotations:
D:9 2 transporters
Lair:5 exclusion: 2 oklob plants
Lair:6 1 runed door
Shoals:1 3 runed translucent doors, Liimbo's ghost, adept FoWn


Innate Abilities, Weirdness & Mutations

You can see and be seen from farther away.
You can swim through water.
You cover ground slowly.
You can hop long distances.


Message History

You block the volley of spikes.
You feel a strong urge to attack something.
You feel sick.
The manticore flicks its tail.
The volley of spikes hits you but does no damage.
The sea snake bites you.
* * * LOW HITPOINT WARNING * * *
You are lethally poisoned!
The sea snake poisons you!
The sea snake hisses angrily.
You slice the sea snake!!
The sea snake is heavily wounded.
* * * LOW HITPOINT WARNING * * *
You feel sick.
You closely miss the sea snake.
The sea snake is heavily wounded.
* * * LOW HITPOINT WARNING * * *
You feel very sick. The sea snake bites you.
You die...

≈≈≈≈≈≈≈≈ ≈≈≈≈≈≈≈≈
≈≈≈≈≈≈≈≈ ≈≈≈≈≈≈≈≈
##≈≈≈≈≈≈≈≈ ###.≈≈≈≈≈≈≈≈
#≈≈≈≈≈≈≈≈≈≈≈
#.≈≈≈≈≈≈≈≈≈≈≈≈≈≈≈
#)@S≈≈≈≈≈≈≈≈≈≈≈≈≈
≈≈≈≈.....†≈≈≈≈≈≈≈≈≈≈≈≈≈
≈≈≈≈≈≈≈..H≈≈≈≈≈≈≈≈≈≈≈≈≈
≈≈≈≈≈≈≈≈≈P≈≈≈≈≈≈≈≈≈≈≈≈≈≈≈
≈≈≈≈≈≈≈≈≈≈≈≈≈≈≈≈≈≈≈≈≈≈≈≈≈
≈≈≈≈≈≈≈≈≈≈≈≈≈≈S≈≈≈≈≈≈≈≈≈.
≈≈≈≈≈≈≈≈≈≈≈≈≈≈≈≈≈≈H≈..≈..
≈≈≈≈≈≈≈≈≈≈≈≈≈≈≈≈≈≈≈≈≈≈...
P≈≈≈≈≈≈≈≈≈≈≈≈≈≈≈≈≈≈≈m...#


You could see 2 sea snakes and a manticore.

Vanquished Creatures
  An orc warlord (Orc)
  An ettin (Orc)
  Josephine (Shoals:1)
  Harold (D:9)
  A hell beast (D:10)
  7 hydras
  Erolcha (D:9)
  A catoblepas (Lair:5)
  A merfolk aquamancer (Shoals:1)
  2 dancing weapons
  A tengu warrior (D:11)
  2 death yaks (Lair:5)
  An orc high priest (Orc)
  A sea snake (Shoals:1)
  2 centaur warriors (D:11)
  3 cyclopes
  5 harpies (Shoals:1)
  A wolf spider (Lair:6)
  4 orc knights (Orc)
  5 orc sorcerers
  2 naga magi (D:12)
  4 wolf spider zombies
  3 deep elf magi
  A necromancer (D:12)
  A lindwurm (Lair:6)
  2 ugly things
  A faun (Shoals:1)
  2 manticores (Shoals:1)
  2 elephants (Lair:3)
  Joseph (D:8)
  9 black mambas
  7 torpor snails
  A guardian serpent (Lair:6)
  3 merfolk sirens
  2 gargoyles
  3 water nymphs (Shoals:2)
  19 cane toads
  4 rime drakes
  3 orange demons (D:10)
  9 komodo dragons
  A kobold demonologist (D:9)
  2 tengu conjurers (D:11)
  2 eyes of draining (D:12)
  A troll (D:10)
  5 merfolk
  A polar bear (shapeshifter) (D:12)
  2 wind drakes (Shoals:1)
  9 hornets
  6 tyrant leeches
  Grinder (D:5)
  7 blink frogs
  A queen bee (Lair:3)
  6 harpy skeletons
  2 meliai zombies
  9 dream sheep
  10 hippogriffs
  2 snapping turtles (Shoals:1)
  Grum (D:9)
  Sigmund (D:3)
  15 wyverns
  A spriggan (shapeshifter) (D:12)
  5 wraiths
  A shadow (D:11)
  26 yaks
  A vampire (D:12)
  Eustachio (D:6)
  4 water elementals
  2 hungry ghosts
  3 basilisks
  A steam dragon (Lair:2)
  2 redbacks (Lair:6)
  Edmund (D:6)
  5 wargs
  11 crocodiles
  2 swamp worms (Lair:3)
  A two-headed ogre zombie (D:11)
  3 acid dragons
  17 water moccasins
  A meliai simulacrum (D:12)
  8 porcupines
  23 orc warriors
  3 sky beasts
  2 black bears
  5 ice beasts
  2 hornet zombies
  2 phantoms
  33 wolves
  3 necrophages
  11 ogres
  8 bullfrogs
  14 kobold brigands
  A wyvern zombie (D:8)
  Blork the orc (D:6)
  6 centaurs
  A water moccasin skeleton (D:4)
  10 scorpions
  29 killer bees
  A troll zombie (D:11)
  An electric eel (D:12)
  A howler monkey (D:9)
  5 crimson imps
  23 orc priests
  2 bullfrog zombies
  3 hounds
  A quasit (D:9)
  A gnoll shaman (D:5)
  7 iron imps (D:10)
  2 jellies
  24 orc wizards
  4 bullfrog skeletons
  2 iguanas
  10 worker ants
  12 kobold zombies
  6 ogre zombies (D:11)
  3 hound skeletons
  4 mummies
  A worker ant zombie (D:5)
  7 gnolls
  A howler monkey skeleton (D:4)
  4 scorpion zombies (Ossuary)
  9 adders
  5 centaur zombies (Ossuary)
  2 river rats (Lair:3)
  4 shadow imps
  An adder zombie (D:7)
  2 adder skeletons
  4 worms
  2 dart slugs
  59 orcs
  3 ball pythons
  2 giant cockroaches
  3 goblins
  6 hobgoblins
  4 jackals
  5 quokkas
  4 bats
  3 frilled lizards
  4 gnoll zombies (Ossuary)
  A goblin skeleton (D:11)
  6 goblin zombies (D:11)
  2 hobgoblin skeletons (D:11)
  3 hobgoblin zombies
  40 kobolds
  8 kobold skeletons (D:9)
  4 orc skeletons (D:11)
  11 orc zombies (D:11)
  4 rats
  A spectral kobold (D:5)
  6 fungi
  10 plants
798 creatures vanquished.

Vanquished Creatures (collateral kills)
  A deep elf archer (D:11)
  A centaur (D:11)
2 creatures vanquished.

Vanquished Creatures (others)
  A hornet (Lair:6)
  An orc wizard (D:8)
  A goblin (D:2)
  A kobold zombie (D:9)
  17 fungi
  27 plants
48 creatures vanquished.

Grand Total: 848 creatures vanquished

Notes
Turn   | Place    | Note
-------+----------+-------------------------------------------
     0 | D:1      | Mehrunes the Barachi Fighter began the quest for the Orb.
     0 | D:1      | Reached XP level 1. HP: 18/18 MP: 1/1
   361 | D:1      | Reached XP level 2. HP: 20/25 MP: 2/2
  1041 | D:2      | Reached XP level 3. HP: 31/31 MP: 3/3
  1178 | D:2      | Found a white marble altar of Elyvilon.
  1349 | D:2      | Reached XP level 4. HP: 37/38 MP: 4/4
  1966 | D:3      | Reached skill level 5 in Fighting
  2064 | D:3      | Noticed Sigmund
  2087 | D:3      | Killed Sigmund
  2088 | D:3      | Reached XP level 5. HP: 43/46 MP: 5/5
  2088 | D:3      | Reached XP level 6. HP: 48/52 MP: 6/6
  2159 | D:3      | Reached skill level 5 in Axes
  2747 | D:4      | Found Useraoky's Armour Boutique.
  2764 | D:4      | Noticed an ice beast
  2990 | D:3      | Killed an ice beast
  2991 | D:3      | Reached skill level 1 in Slings
  3469 | D:4      | Reached XP level 7. HP: 59/59 MP: 7/7
  3633 | D:4      | Got a crystal spear
  3732 | D:4      | Found a corrupted altar of Lugonu.
  3732 | D:4      | Found a white marble altar of Elyvilon.
  3989 | D:5      | Entered Level 5 of the Dungeon
  4199 | D:5      | Noticed Grinder
  4392 | D:5      | Found a hide-covered altar of Uskayaw.
  4395 | D:5      | Became a worshipper of Uskayaw the Reveler
  4423 | D:5      | Reached * piety under Uskayaw
  4428 | D:5      | Reached XP level 8. HP: 43/67 MP: 8/8
  4521 | D:5      | Found a hazy altar of Hepliaklqana.
  4587 | D:5      | Noticed a hippogriff
  4599 | D:5      | Killed a hippogriff
  4600 | D:5      | Reached skill level 1 in Invocations
  4669 | D:5      | Reached ** piety under Uskayaw
  4674 | D:5      | Killed Grinder
  4907 | D:5      | Found a hazy altar of Hepliaklqana.
  5104 | D:6      | Found Hius's Distillery.
  5128 | D:6      | Found a staircase to the Ecumenical Temple.
  5310 | D:6      | Reached *** piety under Uskayaw
  5552 | D:6      | Reached XP level 9. HP: 57/75 MP: 6/11
  5600 | D:6      | Found Ekeloch's Distillery.
  5618 | D:6      | Noticed Blork the orc
  5621 | D:6      | Noticed Eustachio
  5622 | D:6      | Killed Blork the orc
  5649 | D:6      | Killed Eustachio
  5650 | D:6      | Reached skill level 5 in Slings
  5696 | D:6      | Found Zuborch's Antique Weapon Shop.
  5869 | D:6      | Noticed Edmund
  5877 | D:6      | Killed Edmund
  6294 | D:6      | Found Akenuics's Gadget Shop.
  6822 | D:7      | Found a sand-covered staircase.
  6853 | Ossuary  | Entered an ossuary
  7559 | D:7      | Reached XP level 10. HP: 75/85 MP: 9/13
  7662 | D:7      | Reached skill level 10 in Fighting
  7890 | D:7      | Reached skill level 5 in Invocations
  7904 | D:7      | Reached **** piety under Uskayaw
  8318 | D:8      | Noticed Joseph
  8343 | D:8      | Killed Joseph
  8486 | D:8      | HP: 1/86 [hornet (13)]
  9088 | D:8      | Noticed a cyclops
  9261 | D:8      | Killed a cyclops
  9353 | D:8      | Reached skill level 10 in Axes
  9353 | D:8      | Reached XP level 11. HP: 90/93 MP: 11/15
  9902 | D:9      | Noticed Erolcha
  9917 | D:9      | Killed Erolcha
 10384 | D:9      | Noticed Grum
 10386 | D:9      | Found a staircase to the Lair.
 10390 | D:9      | Killed Grum
 10395 | D:9      | Noticed a seven-headed hydra
 10517 | D:9      | Found a blossoming altar of Fedhas.
 10521 | D:9      | Found a transporter.
 10556 | D:9      | Noticed a goliath frog
 10758 | D:9      | Killed a seven-headed hydra
 11037 | D:9      | Found an ancient bone altar of Kikubaaqudgha.
 11037 | D:9      | Noticed Harold
 11406 | D:9      | Killed Harold
 11947 | D:9      | Found a transporter.
 12048 | D:9      | Found a burning altar of Makhleb.
 12092 | D:10     | Entered Level 10 of the Dungeon
 12108 | D:10     | Got a crude hand axe
 12109 | D:10     | Identified the +8 hand axe of Ilywn {freeze, *Noise Fragile
                  | rElec rPois} (You found it on level 10 of the Dungeon)
 12288 | Lair:1   | Entered Level 1 of the Lair of Beasts
 12318 | Lair:1   | Reached XP level 12. HP: 15/103 MP: 10/17
 12911 | Lair:1   | Reached skill level 1 in Evocations
 14802 | Lair:2   | Noticed a six-headed hydra
 14815 | Lair:2   | Killed a six-headed hydra
 15685 | Lair:3   | Reached ***** piety under Uskayaw
 15821 | Lair:3   | Reached skill level 10 in Slings
 16344 | Lair:3   | Gained mutation: You can hop long distances. [Barachi
                  | growth]
 16344 | Lair:3   | Reached XP level 13. HP: 16/111 MP: 6/19
 16787 | Lair:3   | Reached skill level 5 in Evocations
 17257 | Lair:3   | Reached skill level 5 in Armour
 17560 | Lair:3   | Found a staircase to the Shoals.
 18209 | Lair:3   | Found a staircase to the Swamp.
 20034 | Lair:5   | Found a staircase to the Spriggan Forest.
 20591 | Lair:5   | Reached XP level 14. HP: 120/120 MP: 17/21
 21032 | Lair:6   | Entered Level 6 of the Lair of Beasts
 22018 | Lair:6   | Reached skill level 10 in Invocations
 23615 | Lair:6   | Found a runed door.
 24253 | D:6      | Bought a lightning rod (4/4) for 520 gold pieces
 24253 | D:6      | Bought a lamp of fire for 520 gold pieces
 24253 | D:6      | Bought a wand of clouds (5) for 234 gold pieces
 24253 | D:6      | Bought a wand of iceblast (7) for 156 gold pieces
 25898 | D:10     | Found a burning altar of Makhleb.
 26155 | D:10     | Found a glowing silver altar of Zin.
 26668 | D:11     | Found a gate to the Vaults.
 26785 | D:11     | Reached XP level 15. HP: 118/127 MP: 22/22
 26930 | D:11     | Reached skill level 15 in Fighting
 27778 | D:11     | Found a staircase to the Orcish Mines.
 28156 | Orc      | Entered the Orcish Mines
 28624 | Orc      | Noticed an orc warlord
 28669 | Orc      | Killed an orc warlord
 29157 | Orc      | Found a roughly hewn altar of Beogh.
 29191 | Orc      | Found Zatinan's Antique Weapon Emporium.
 29309 | Orc      | Found Wuh Qus's General Store.
 29323 | Orc      | Found Ehoigalo's Antique Armour Emporium.
 29340 | Orc      | Found Nelonink's Jewellery Emporium.
 29365 | Orc      | Bought a glowing broad axe for 224 gold pieces
 29748 | Orc      | Found a viscous altar of Jiyva.
 29748 | Orc      | Found a staircase to the Slime Pits.
 29903 | Orc      | Found Vahit's Magic Scroll Shoppe.
 30422 | D:12     | Entered Level 12 of the Dungeon
 30810 | D:12     | Reached skill level 10 in Armour
 31110 | D:12     | Reached skill level 5 in Shields
 31125 | D:12     | Reached skill level 1 in Dodging
 31266 | D:12     | Found a staircase to the Depths.
 31720 | Shoals:1 | Entered Level 1 of the Shoals
 32212 | Shoals:1 | Reached skill level 15 in Axes
 32740 | Shoals:1 | Identified a scroll of acquirement
 32741 | Shoals:1 | Identified the ring of the Monkey {+Inv rElec MR- Str+8
                  | Dex-2} (You acquired it on level 1 of the Shoals)
 32972 | Orc      | Bought the amulet of Kindness {Faith *Drain rElec Str+3
                  | Int+4} for 881 gold pieces
 33311 | Shoals:1 | Found a runed translucent gate.
 33311 | Shoals:1 | Found a runed translucent gate.
 33311 | Shoals:1 | Found a runed translucent gate.
 33319 | Shoals:1 | Noticed Liimbo's ghost (adept FoWn)
 33493 | Shoals:1 | Noticed Josephine
 33494 | Shoals:1 | Reached ****** piety under Uskayaw
 33505 | Shoals:1 | Killed Josephine
 34525 | Shoals:2 | Reached XP level 16. HP: 76/137 MP: 23/23
 34548 | Shoals:3 | Entered Level 3 of the Shoals
 34556 | Shoals:2 | HP: 10/205 [manticore/volley of spikes (7)]
 34561 | Shoals:2 | HP: 3/205 [poisoned by a sea snake]
 34561 | Shoals:2 | Slain by a sea snake

Skill      XL: |  1  2  3  4  5  6  7  8  9 10 11 12 13 14 15 |
---------------+----------------------------------------------+-----
Fighting       | 4 6 7 8 9 11 12 13 14 15 | 15.7
Axes           | 3 4 5 6 7 8 10 11 12 13 14 15 | 15.1
Slings         | 1 3 4 6 7 9 10 11 13 14 | 14.3
Invocations    | 3 4 6 7 8 9 10 | 10.1
Evocations     | 4 5 8 |  8.0
Armour         | 4 7 9 10 | 10.4
Shields        | 5 |  5.8
Dodging        | 1 |  1.0

Action                   |  1- 3 |  4- 6 |  7- 9 | 10-12 | 13-15 | 16-18 || total
-------------------------+-------+-------+-------+-------+-------+-------++-------
Melee: War axe           |    80 |    72 |   363 |   595 |   423 |       ||  1533
       Battleaxe         |       |       |       |       |    19 |       ||    19
       Broad axe         |       |       |       |       |   143 |     8 ||   151
 Fire: Blowgun           |       |    16 |     6 |    11 |     3 |       ||    36
       Hunting sling     |       |    13 |    29 |   119 |  1292 |    10 ||  1463
Throw: Tomahawk          |       |       |       |    51 |       |       ||    51
       Stone             |       |       |       |     3 |     7 |       ||    10
Invok: Stomp             |       |       |    18 |    46 |    67 |       ||   131
       Line Pass         |       |       |       |     2 |       |       ||     2
       Grand Finale      |       |       |       |       |     1 |       ||     1
 Abil: Hop               |     2 |     4 |     3 |     9 |    16 |     1 ||    35
       Lunge             |       |       |       |     5 |     8 |     1 ||    14
Evoke: Wand              |       |       |       |    18 |    31 |       ||    49
       Lightning rod     |       |       |       |       |     5 |       ||     5
       Phial of floods   |       |       |       |       |     1 |       ||     1
       Lamp of fire      |       |       |       |       |     1 |       ||     1
  Use: Scroll            |     4 |       |    14 |     9 |    17 |     3 ||    47
       Potion            |     1 |     1 |     4 |    10 |     6 |     1 ||    23
 Stab: Paralysed         |       |       |       |     8 |    27 |       ||    35
       Invisible         |       |       |       |     1 |       |       ||     1
  Eat: Chunk             |     4 |     7 |    36 |    40 |    59 |       ||   146
       Ration            |       |     1 |     3 |     6 |    14 |     1 ||    25
Armor: Scale mail        |    41 |     5 |       |       |       |       ||    46
       Chain mail        |       |    29 |   218 |    59 |       |       ||   306
       Skin              |       |     6 |       |    80 |    53 |       ||   139
       Plate armour      |       |       |       |   459 |   556 |    12 ||  1027
Dodge: Dodged            |    45 |    24 |   129 |   223 |   248 |     2 ||   671
Block: Buckler           |       |       |       |       |    69 |     8 ||    77
